 Dungeon Crawl Stone Soup version 0.28-a0-850-g09de17f5b5 (webtiles) character file.

Game seed: 1650559442760388165

23 BinkBink the Ducker (level 2, -1/16 HPs)
             Began as a Spriggan Abyssal Knight on Nov 13, 2021.
             Was a Follower of Lugonu.
             Slain by a gnoll (6 damage)
             ... on level 2 of the Dungeon.
             The game lasted 00:02:46 (1627 turns).

BinkBink the Ducker (Spriggan Abyssal Knight)       Turns: 1627, Time: 00:02:47

Health: -1/16      AC:  2    Str:  9    XL:     2   Next: 72%
Magic:  4/4        EV: 18    Int: 11    God:    Lugonu [*.....]
Gold:   101        SH:  0    Dex: 15    Spells: 2/3 levels left

rFire   . . .      SeeInvis +   a - +1 short sword
rCold   . . .      Faith    .   (shield restricted)
rNeg    . . .      Spirit   .   b - +0 robe
rPois   .          Reflect  .   (helmet restricted)
rElec   .          Harm     .   (no cloak)
rCorr   .          Rampage  .   (gloves unavailable)
Will    .....                   (boots unavailable)
Stlth   ++........              (no amulet)
HPRegen 0.05/turn               (no ring)
MPRegen 0.09/turn               (no ring)

@: very quick
A: very small, no large weapons, unfitting armour, see invisible, speed 3
a: Renounce Religion, Depart the Abyss


You were on level 2 of the Dungeon.
You worshipped Lugonu.
Lugonu was aware of your devotion.
You visited 1 branch of the dungeon, and saw 2 of its levels.
You visited the Abyss 1 time.

You collected 101 gold pieces.

Inventory:

Hand Weapons
 a - a +1 short sword (weapon)
Armour
 b - a +0 robe (worn)
Scrolls
 c - a scroll of vulnerability {unknown}
 e - a scroll of fog {unknown}
 f - a scroll of identify {unknown}
 g - a scroll of amnesia {unknown}
Potions
 d - a potion of attraction {unknown}


   Skills:
 + Level 2.7 Fighting
 + Level 2.4 Short Blades
 + Level 3.5 Dodging
 * Level 1.0 Stealth
 * Level 1.0 Spellcasting
 * Level 0.1 Hexes
 - Level 1.7 Invocations


You had 2 spell levels left.
You knew the following spells:

 Your Spells              Type           Power      Damage    Failure   Level
a - Slow                  Hex            0%         N/A       30%         1

Your spell library contained the following spells:

 Spells                   Type           Power      Damage    Failure   Level
 Confusing Touch          Hex            0%         N/A       65%         3
 Yara's Violent Unravell  Hex/Tmut       0%         3d3       100%        5


Dungeon Overview and Level Annotations

Branches:
Dungeon (2/15)

Altars:


Innate Abilities, Weirdness & Mutations

You are very small and have problems with some larger weapons.
You are too small for most types of armour.
You have supernaturally acute eyesight. (SInv)
You cover ground extremely quickly. (Speed+++)


Message History

You hit the kobold.
The kobold is moderately wounded.
The kobold completely misses you.
You hit the kobold.
You kill the kobold!
Lugonu accepts your kill.
No target in view!
HP restored.
Things that are here:
a +0 club; 4 stones; a kobold corpse A goblin comes into view.
It is wielding a +0 club.
Found a scroll labelled GULUMNUAZE.
Found a stone staircase leading up.
A goblin is nearby!
You see here a scroll labelled GULUMNUAZE.
The helpless goblin fails to defend itself.
You puncture the goblin!
You kill the goblin!
Lugonu accepts your kill.
Your Stealth skill increases to level 1!
No target in view!
No target in view!
g - a scroll labelled GULUMNUAZE
There is a stone staircase leading up here.
You see here a +0 club.
Found a dagger.
You see here a +0 dagger. 3 gnolls come into view.
Found a stone staircase leading down.
A gnoll comes into view. It is wielding a +0 spear.
The gnoll shouts! x2
An adder comes into view.
The gnoll shouts! x2
The gnoll hits you from afar with a +0 spear.
The gnoll closely misses you. x2
You hit the gnoll but do no damage. The gnoll misses you.
The gnoll closely misses you. x2; The gnoll barely misses you.
You hit the gnoll but do no damage.
The gnoll hits you from afar with a +0 spear. x2
The gnoll hits you with a +0 whip.
You die...

#.)....<..
#..####### ##..#
....# ...## ####
### #### #.. ...
#.##g# ####.g.g##
#....@g..#
######.##..##>....
#......##..... ...
#.########.#### #
#.# #.# #.# #.#
######.########.#
##.....).........#
........#######


You could see 4 gnolls.

Vanquished Creatures
  A dart slug (D:1)
  An endoplasm (D:1)
  A giant cockroach (D:1)
  A goblin (D:2)
  A hobgoblin (D:1)
  5 kobolds
  4 ball pythons (D:1)
  2 bats (D:1)
  2 frilled lizards (D:1)
  3 rats (D:1)
21 creatures vanquished.

Notes
Turn   | Place    | Note
-------+----------+-------------------------------------------
     0 | Abyss:1  | BinkBink the Spriggan Abyssal Knight began the quest for
                  | the Orb.
     0 | Abyss:1  | Reached XP level 1. HP: 11/11 MP: 3/3
    50 | Abyss:1  | Noticed a smoke demon
    52 | Abyss:1  | Noticed a necromancer
    53 | Abyss:2  | Found a corrupted altar of Lugonu.
   121 | Abyss:2  | Noticed a demonic crawler
   166 | Abyss:3  | Noticed a smoke demon
   172 | Abyss:3  | Noticed a ynoxinul
   173 | Abyss:3  | Noticed a neqoxec
   174 | Abyss:3  | Noticed a thrashing horror
   174 | Abyss:3  | Noticed a thrashing horror
   175 | D:1      | Escaped the Abyss
   569 | D:1      | Reached * piety under Lugonu
   629 | D:1      | Reached XP level 2. HP: 5/16 MP: 4/4
   941 | D:1      | Learned a level 1 spell: Slow
  1392 | D:1      | Reached skill level 1 in Spellcasting
  1575 | D:2      | Reached skill level 1 in Stealth
  1627 | D:2      | Slain by a gnoll

Illustrated notes

Levels and vault maps discovered:
D:1:      minmay_arrival_jagged, layout_basic, serial_rivers,
          chequers_serial_rivers_micro_d, chequers_serial_rivers_micro_e,
          chequers_serial_rivers_micro_c, chequers_serial_rivers_micro_b
D:2:      layout_loops_ring, minmay_tromino_v2, uniq_natasha

Skill      XL: |  1  2 |
---------------+-------+-----
Spellcasting   | 1 |  1.0
Stealth        | 1 |  1.0
Fighting       | |  2.7
Short Blades   | |  2.4
Dodging        | |  3.5
Hexes          | |  0.1
Invocations    | |  1.7

Action                   || total
-------------------------++-------
Melee: Short sword       ||    68
Invok: Depart the Abyss  ||     1
  Use: Potion            ||     1
 Stab: Sleeping          ||     7
Armor: Robe              ||     9
Dodge: Dodged            ||    66

Table legend: (Time is in decaauts)
 A = Elapsed time spent in this place.
 B = Non-inter-level travel time spent in this place.
 C = Inter-level travel time spent in this place.
 D = Time resting spent in this place.
 E = Time spent auto-exploring this place.
 F = Levels seen in this place.
 G = Mean time per level.
                   A        B        C        D        E       F      G
               +--------+--------+--------+--------+--------+-----+--------+
         Total |   1212 |   1175 |     37 |      0 |   1007 |   5 |  242.4 |
       Dungeon |   1104 |   1067 |     37 |      0 |    923 |   2 |  552.0 |
         Abyss |    107 |    107 |      0 |      0 |     83 |   3 |   35.7 |
               +--------+--------+--------+--------+--------+-----+--------+

Top non-repeatable levels by time:
     D:1: 1049 daAuts
     D:2: 55 daAuts
 Abyss:2: 47 daAuts
 Abyss:1: 32 daAuts
 Abyss:3: 28 daAuts
